 Dungeon Crawl Stone Soup version 0.31-a0-692-gf03d1854d5 (webtiles) character file.

Game seed: 5094479628798805390

109 qw the Shooter (level 4, 0/28 HPs)
             Began as a Gargoyle Hunter on Sept 6, 2023.
             Slain by a cerulean imp
             ... wielding a +0 spear
             ... summoned by Natasha
              (3 damage)
             ... on level 3 of the Dungeon.
             The game lasted 00:00:46 (1417 turns).

qw the Shooter (Gargoyle Hunter)                    Turns: 1417, Time: 00:00:46

Health: 0/28       AC:  6    Str: 14    XL:     4   Next: 90%
Magic:  4/4        EV: 11    Int: 10    God:
Gold:   97         SH:  0    Dex: 15    Spells: 3/3 levels left

rFire   . . .        Y - +0 shortbow
rCold   . . .        (shield currently unavailable)
rNeg    + . .        c - +0 leather armour
rPois   inf          (no helmet)
rElec   +            (no cloak)
rCorr   .            (no gloves)
SInv    .            (no boots)
Will    .....        (no amulet)
Stlth   ++           (no ring)
HPRegen 0.24/turn    (no ring)
MPRegen 0.09/turn

%: no passive effects
@: about to teleport
A: sickness immunity, AC +3, negative energy resistance 1, electricity
resistance, torment resistance 1, petrification resistance
a: no special abilities


You were on level 3 of the Dungeon.
You visited 1 branch of the dungeon, and saw 3 of its levels.

You collected 138 gold pieces.
You spent 41 gold pieces at shops.


Innate Abilities, Weirdness & Mutations

You are immune to sickness and miasma.
Your stone body is resilient. (AC +3)
You are immune to poison.
You resist negative energy. (rN+)
You are resistant to electric shocks. (rElec)
You are resistant to unholy torment.
You are immune to petrification.


   Skills:
 - Level 3.0 Fighting
 + Level 5.7 Ranged Weapons
 - Level 1.5 Dodging
 - Level 1.1 Stealth


You had 3 spell levels left.
You didn't know any spells.
Your spell library was empty.

Inventory:

Hand Weapons
 Y - a +0 shortbow (weapon)
Armour
 c - a +0 leather armour (worn)
Potions
 a - a potion of berserk rage {unknown}
 e - a potion of enlightenment
 f - a potion of might {unknown}
 h - a potion of attraction {unknown}
 i - a potion of resistance {unknown}
 j - a potion of magic {unknown}
 k - a potion of brilliance {unknown}

Dungeon Overview and Level Annotations

Branches:
Dungeon (3/15)

Altars:

Shops:
D:1 ?   D:2 *

Annotations:
D:3 Natasha


Message History

Natasha barely misses you. Natasha claws you but does no damage.
You shoot an arrow. The arrow misses Natasha.
Natasha stares at you and mumbles some strange words.
The magic dart hits you.
You shoot an arrow. The arrow closely misses Natasha.
Natasha claws you.
You shoot an arrow. The arrow barely misses Natasha.
Natasha casts a spell.
You shoot an arrow. The arrow hits Natasha.
Natasha is severely wounded.
Natasha claws you but does no damage.
The cerulean imp hits you from afar with a +3 spear.
You shoot an arrow. The arrow barely misses Natasha.
The arrow hits the cerulean imp.
The cerulean imp is lightly wounded.
Natasha claws you.
The cerulean imp hits you from afar with a +3 spear.
You shoot an arrow. The arrow misses Natasha.
The arrow closely misses the cerulean imp.
Natasha barely misses you.
The cerulean imp hits you from afar with a +3 spear.
Natasha mumbles some strange words.
1415 |||
Found retreat position at -1,4 (floor) with 0 blocking monsters and 2 monsters attacking at destination at distance 4
1415 ||| READING scroll of teleportation.
As you read the scroll of teleportation, it crumbles to dust.
You feel strangely unstable.
The cerulean imp hits you from afar with a +3 spear.
Natasha casts a spell.
The cerulean imp barely misses you.
1416 |||
Found retreat position at -1,4 (floor) with 0 blocking monsters and 2 monsters attacking at destination at distance 4
1416 ||| Stepping ~*~*~tactically~*~*~ (retreating).
The cerulean imp hits you but does no damage.
The cerulean imp hits you from afar with a +0 spear.
Natasha extends her claws.
1417 |||
Found retreat position at 0,3 (floor) with 0 blocking monsters and 2 monsters attacking at destination at distance 3
1417 ||| Stepping ~*~*~tactically~*~*~ (retreating).
Natasha attacks as she pursues you! Natasha barely misses you.
The cerulean imp attacks as it pursues you!
The cerulean imp hits you from afar with a +0 spear.
You die...

#.#.#.## .###....%#
#.#.<%...#
##.#..##.#
..>...##.# # ###
.....#..##.##.#...#
#..##....##5.5......
.. #.##....5!.#....
# #.#...@h#### .
#..##.# #.. #.# #.
..# # ###


You could see Natasha and 3 cerulean imps.

Vanquished Creatures
  4 adders
  9 ball pythons
  11 bats
  6 endoplasms
  4 giant cockroaches
  6 goblins
  2 hobgoblins (D:1)
  9 jackals (D:1)
  7 kobolds
  2 quokkas (D:1)
  3 frilled lizards
  A rat (D:1)
64 creatures vanquished.

Notes
Turn   | Place    | Note
-------+----------+-------------------------------------------
     0 | D:1      | qw the Gargoyle Hunter began the quest for the Orb.
     0 | D:1      | Reached XP level 1. HP: 12/12 MP: 1/1
     0 | D:1      | 0 ||| qw: Version: 0.3-a-76-g4403597
     0 | D:1      | 0 ||| qw: Game counter: 54
     0 | D:1      | 0 ||| qw: Melee chars always use a shield: true
     0 | D:1      | 0 ||| qw: God list: Okawaru
     0 | D:1      | 0 ||| qw: Allow faded altars: false
     0 | D:1      | 0 ||| qw: Do Orc after clearing Dungeon:15 true
     0 | D:1      | 0 ||| qw: Do second Lair branch before Depths: true
     0 | D:1      | 0 ||| qw: Lair rune preference: random
     0 | D:1      | 0 ||| qw: Goals: Normal
     0 | D:1      | 0 ||| PLANNING D:1-11
    81 | D:1      | Reached XP level 2. HP: 16/17 MP: 2/2
   103 | D:1      | Found Cizeov's Magic Scroll Boutique.
   108 | D:1      | 108 ||| SHOPLISTING scroll of enchant weapon (75 gold, have
                  | 0).
   108 | D:1      | 108 ||| SHOPLISTING scroll of identify (20 gold, have 0).
   108 | D:1      | 108 ||| SHOPLISTING scroll of teleportation (30 gold, have
                  | 0).
   255 | D:1      | Reached XP level 3. HP: 18/21 MP: 3/3
   437 | D:1      | Reached skill level 5 in Ranged Weapons
   884 | D:1      | 884 ||| READING scroll labelled FUPPOU DUCLO.
   885 | D:1      | 885 ||| READING 2 scrolls labelled POSULU QYKKYDD.
   886 | D:1      | 886 ||| READING 2 scrolls labelled XUMUIZ YKLUFI.
   891 | D:1      | 891 ||| READING scroll labelled VIXOARCHAAFO.
   992 | D:1      | 992 ||| DRINKING 2 ruby potions.
   993 | D:1      | 993 ||| DROPPING scroll of butterflies.
   994 | D:1      | 994 ||| DROPPING scroll of immolation.
   998 | D:2      | Found Fiopt's Assorted Antiques.
  1009 | D:2      | 1009 ||| BUYING gluggy blue potion (19 gold).
  1009 | D:2      | Bought a gluggy blue potion for 19 gold pieces
  1009 | D:2      | 1009 ||| SHOPLISTING knobbly copper ring (110 gold, have
                  | 81).
  1009 | D:2      | 1009 ||| SHOPLISTING pair of gloves (99 gold, have 81).
  1009 | D:2      | 1009 ||| SHOPLISTING ring mail (88 gold, have 81).
  1009 | D:2      | 1009 ||| BUYING scroll labelled XYNTE ED PYLIA (22 gold).
  1009 | D:2      | Bought a scroll labelled XYNTE ED PYLIA for 22 gold pieces
  1009 | D:2      | 1009 ||| SHOPLISTING scroll of teleportation (66 gold, have
                  | 59).
  1009 | D:2      | 1009 ||| SHOPLISTING twisted brass wand (88 gold, have 59).
  1013 | D:2      | Reached skill level 3 in Fighting
  1099 | D:2      | Reached XP level 4. HP: 28/28 MP: 4/4
  1377 | D:2      | 1377 ||| READING scroll labelled XYNTE ED PYLIA.
  1378 | D:2      | 1378 ||| READING scroll labelled BYRGHU SEORR.
  1400 | D:3      | Noticed Natasha
  1414 | D:3      | HP: 5/28 [cerulean imp/+3 spear[Natasha] (4)]
  1415 | D:3      | 1415 ||| READING scroll of teleportation.
  1416 | D:3      | 1416 ||| Stepping ~*~*~tactically~*~*~ (retreating).
  1416 | D:3      | HP: 2/28 [cerulean imp/+0 spear[Natasha] (2)]
  1417 | D:3      | 1417 ||| Stepping ~*~*~tactically~*~*~ (retreating).
  1417 | D:3      | Slain by a cerulean imp

Levels and vault maps discovered:
D:1:      lightli_arrival_statuegarden, layout_loops_ring, serial_shops,
          nicolae_shop_crystal
D:2:      layout_rooms, serial_shops, shop
D:3:      layout_loops_ring, gammafunk_ghost_stat_death, st_stairs_6,
          uniq_sigmund, uniq_terence, uniq_natasha

Skill      XL: |  1  2  3 |
---------------+----------+-----
Ranged Weapons | 5 |  5.7
Fighting       | 3 |  3.0
Dodging        | |  1.5
Stealth        | |  1.1

Action                     |  1- 3 |  4- 6 || total
---------------------------+-------+-------++-------
   Fire: Shortbow          |   161 |    47 ||   208
    Use: Scroll            |     4 |     3 ||     7
         Potion            |     1 |       ||     1
 Armour: Leather armour    |    86 |    15 ||   101
  Dodge: Dodged            |    58 |     8 ||    66

Table legend:
 A = Non-vault XP
 B = Vault XP
 C = Vault XP percentage of total XP
 D = Non-vault monster count
 E = Vault monster count
 F = Vault count percentage of total count
                 A         B        C        D         E       F
            +---------+---------+-------+---------+---------+-------
      Total |     157 |       0 |   0.0 |      64 |       0 |   0.0
            +---------+---------+-------+---------+---------+-------
        D:1 |      67 |       0 |   0.0 |      38 |       0 |   0.0
        D:2 |      74 |       0 |   0.0 |      23 |       0 |   0.0
        D:3 |      16 |       0 |   0.0 |       3 |       0 |   0.0
            +---------+---------+-------+---------+---------+-------
